 Dungeon Crawl Stone Soup version 0.22.1-1-ga44c0e5 (console) character file.

2429517 Goblin1989 the Talismancer (level 27, 214/279 HPs)
             Began as a Deep Dwarf Fighter on Nov 8, 2018.
             Was the Champion of Makhleb.
             Escaped with the Orb
             ... and 4 runes on Nov 9, 2018!
             The game lasted 05:13:59 (69760 turns).

Goblin1989 the Talismancer (Deep Dwarf Fighter)    Turns: 69760, Time: 05:14:00

Health: 214/279    AC: 50    Str: 30      XL:     27
Magic:  19/19      EV: 26    Int:  7 (12) God:    Makhleb [******]
Gold:   919        SH: 22    Dex: 21      Spells: 26/26 levels left

rFire    + + +     SeeInvis .   a - +9 demon whip (elec)
rCold    + . .     Gourm    .   y - +1 shield {rF+}
rNeg     + + .     Faith    .   P - +12 gold dragon scales
rPois    +         Spirit   .   (no helmet)
rElec    +         Reflect  +   m - +2 cloak {MR+}
rCorr    .         Harm     .   p - +0 pair of gloves {Dex+3}
MR       +++++                  I - +2 pair of boots
Stlth    ..........             r - +5 amulet of reflection
HPRegen  0.00/turn              C - ring "Lyladd" {+Fly rElec MP-9 Dex+4}
MPRegen  0.16/turn              S - ring of Thoughtfulness {rF+ rN+ MP+9}

@: non-regenerating
A: damage resistance, heal wounds, claws 1, icy blue scales 1, thin skeletal
structure 1, deterioration 2, fire resistance 1, negative energy resistance 1,
sense surroundings 3, screaming 1, MP-powered wands, sturdy frame 1, no
regeneration
0: Orb of Zot
}: 4/15 runes: serpentine, barnacled, slimy, silver
a: Heal Wounds, Minor Destruction, Lesser Servant of Makhleb, Major Destruction,
Greater Servant of Makhleb, Renounce Religion, Evoke Flight


You escaped.
You worshipped Makhleb.
Makhleb was exalted by your worship.
You were not hungry.

You visited 12 branches of the dungeon, and saw 58 of its levels.
You also visited: Ice Cave.

You collected 9599 gold pieces.
You spent 8680 gold pieces at shops.

Inventory:

Hand Weapons
 a - a +9 demon whip of electrocution (weapon)
 q - the +12 Vampire's Tooth {vamp}
   (You found it on level 2 of the Realm of Zot)

   It inflicts no extra harm, but heals its wielder when it wounds a living foe.
Missiles
 s - 24 javelins of penetration {@Q2}
 Z - 12 throwing nets (quivered) {!d , @Q1}
Armour
 l - a cursed -1 cloak
 m - a +2 cloak of magic resistance (worn)
 n - a +2 helmet of see invisible
 p - a +0 pair of gloves of dexterity (worn)
 y - a +1 shield of fire resistance (worn)
 I - a +2 pair of boots (worn)
 P - +12 gold dragon scales (worn)
Jewellery
 g - an uncursed ring of resist corrosion
 j - the ring "Fifoj" {rC+ Dex+4}
   (You found it in an ice cave)

   [ring of protection from cold]

   It affects your dexterity (+4).
   It protects you from cold.
 r - a +5 amulet of reflection (around neck)
 C - the ring "Lyladd" (left hand) {+Fly rElec MP-9 Dex+4}
   (You took it off an ironbrand convoker on level 5 of the Vaults)

   [ring of flight]

   It affects your dexterity (+4).
   It insulates you from electricity.
   It affects your magic capacity (-9).
   It lets you fly.
 S - the ring of Thoughtfulness (right hand) {rF+ rN+ MP+9}
   (You found it on level 3 of the Crypt)

   [ring of positive energy]

   It protects you from fire.
   It protects you from negative energy.
   It affects your magic capacity (+9).
Wands
 f - a wand of clouds (5) {@v3}
 u - a wand of acid (35) {@v2}
 J - a wand of paralysis (83) {@v7}
 O - a wand of disintegration (22)
 W - a wand of iceblast (68) {@v4}
 Y - a wand of digging (5) {@v1}
Scrolls
 c - a scroll of enchant weapon
 d - 10 scrolls of fear
 i - 2 scrolls of summoning
 t - 35 scrolls of remove curse {@r3}
 x - 6 scrolls of immolation
 B - 16 scrolls of blinking
 D - 12 scrolls of fog
 E - 5 scrolls of silence
 M - 10 scrolls of magic mapping
 N - 9 scrolls of holy word
 R - 20 scrolls of identify {@r1}
 T - 28 scrolls of teleportation {!r, @r2}
Potions
 h - 9 potions of heal wounds {@q2}
 k - 7 potions of flight
 v - 5 potions of mutation {!q}
 z - 6 potions of haste {@q3,}
 A - 9 potions of agility {@q5}
 F - a potion of brilliance
 H - 4 potions of berserk rage
 K - 4 potions of invisibility
 L - 4 potions of might {@q4}
 Q - 4 potions of resistance {@q6}
 U - 15 potions of curing {@q1}
Miscellaneous
 b - a phial of floods
 o - 3 boxes of beasts
 G - 7 phantom mirrors
 V - a fan of gales
 X - a lamp of fire
Comestibles
 e - 90 rations


   Skills:
 + Level 22.5 Fighting
 - Level 14.0 Maces & Flails
 + Level 25.9 Armour
 + Level 25.7 Dodging
 - Level 15.0 Shields
 - Level 15.0 Invocations
 O Level 27 Evocations


You had 26 spell levels left.
You didn't know any spells.
Your spell library contained the following spells:

 Spells                   Type           Power        Failure   Level  Hunger
 Animate Skeleton         Necr           N/A          89%         1    ##.....
 Apportation              Tloc           #.....       89%         1    ##.....
 Beastly Appendage        Tmut           #.....       89%         1    ##.....
 Confusing Touch          Hex            #.....       89%         1    ##.....
 Corona                   Hex            #......      89%         1    ##.....
 Flame Tongue             Conj/Fire      #....        89%         1    ##.....
 Freeze                   Ice            #...         89%         1    ##.....
 Infusion                 Chrm           #...         89%         1    ##.....
 Sandblast                Erth           #.....       89%         1    ##.....
 Shock                    Conj/Air       #...         89%         1    ##.....
 Summon Small Mammal      Summ           #...         89%         1    ##.....
 Corpse Rot               Necr           N/A          96%         2    ###....
 Ensorcelled Hibernation  Hex/Ice        #.....       96%         2    ###....
 Passwall                 Tmut/Erth      #.......     96%         2    ###....
 Poisonous Vapours        Pois/Air       #.....       96%         2    ###....
 Slow                     Hex            #.......     96%         2    ###....
 Sticks to Snakes         Tmut           #.......     96%         2    ###....
 Sublimation of Blood     Necr           #.........   96%         2    ###....
 Swiftness                Chrm/Air       #.......     96%         2    ###....
 Throw Flame              Conj/Fire      #.....       96%         2    ###....
 Throw Frost              Conj/Ice       #.....       96%         2    ###....
 Confuse                  Hex            #.......     99%         3    ####...
 Conjure Flame            Conj/Fire      #.......     99%         3    ####...
 Dazzling Spray           Conj/Hex       #.....       99%         3    ####...
 Gell's Gravitas          Tloc           #.........   99%         3    ####...
 Ignite Poison            Fire/Tmut/Pois #.......     99%         3    ####...
 Inner Flame              Hex/Fire       #.......     99%         3    ####...
 Mephitic Cloud           Conj/Pois/Air  #.......     99%         3    ####...
 Ozocubu's Armour         Chrm/Ice       #.......     99%         3    ####...
 Portal Projectile        Hex/Tloc       #.....       99%         3    ####...
 Recall                   Summ/Tloc      N/A          99%         3    ####...
 Spider Form              Tmut/Pois      #.........   99%         3    ####...
 Static Discharge         Conj/Air       #.......     99%         3    ####...
 Stone Arrow              Conj/Erth      #.....       99%         3    ####...
 Tukima's Dance           Hex            #.......     99%         3    ####...
 Airstrike                Air            #.........   100%        4    #####..
 Cause Fear               Hex            #.........   100%        4    #####..
 Force Lance              Conj/Tloc      #.......     100%        4    #####..
 Ice Form                 Ice/Tmut       #.......     100%        4    #####..
 Leda's Liquefaction      Hex/Erth       #.........   100%        4    #####..
 Olgreb's Toxic Radiance  Pois           #.......     100%        4    #####..
 Petrify                  Tmut/Erth      #.......     100%        4    #####..
 Summon Ice Beast         Ice/Summ       #.......     100%        4    #####..
 Throw Icicle             Conj/Ice       #.......     100%        4    #####..
 Agony                    Necr           #.......     100%        5    ######.
 Alistair's Intoxication  Tmut/Pois      #.......     100%        5    ######.
 Aura of Abjuration       Summ           #.........   100%        5    ######.
 Blade Hands              Tmut           #.........   100%        5    ######.
 Bolt of Draining         Conj/Necr      #.........   100%        5    ######.
 Bolt of Magma            Conj/Fire/Erth #.........   100%        5    ######.
 Dispel Undead            Necr           #.......     100%        5    ######.
 Excruciating Wounds      Chrm/Necr      #.........   100%        5    ######.
 Fireball                 Conj/Fire      #.........   100%        5    ######.
 Irradiate                Conj/Tmut      #.........   100%        5    ######.
 Lee's Rapid Deconstruct  Erth           #.........   100%        5    ######.
 Lightning Bolt           Conj/Air       #.........   100%        5    ######.
 Metabolic Englaciation   Hex/Ice        #.........   100%        5    ######.
 Summon Demon             Summ           #.........   100%        5    ######.
 Summon Forest            Summ/Tloc      #.........   100%        5    ######.
 Summon Mana Viper        Hex/Summ       #.......     100%        5    ######.
 Bolt of Cold             Conj/Ice       #.........   100%        6    #######
 Bolt of Fire             Conj/Fire      #.........   100%        6    #######
 Darkness                 Hex            #.........   100%        6    #######
 Deflect Missiles         Chrm/Air       #.........   100%        6    #######
 Dispersal                Tloc           #.........   100%        6    #######
 Freezing Cloud           Conj/Ice/Air   #.........   100%        6    #######
 Hydra Form               Tmut           #.........   100%        6    #######
 Invisibility             Hex            #.......     100%        6    #######
 Iron Shot                Conj/Erth      #.........   100%        6    #######
 Ozocubu's Refrigeration  Ice            #.........   100%        6    #######
 Shadow Creatures         Summ           N/A          100%        6    #######
 Simulacrum               Ice/Necr       #.........   100%        6    #######
 Statue Form              Tmut/Erth      #........    100%        6    #######
 Dragon Form              Tmut           #.........   100%        7    #######
 Malign Gateway           Summ/Tloc      #.........   100%        7    #######
 Monstrous Menagerie      Summ           #.........   100%        7    #######
 Ring of Flames           Chrm/Fire      #.........   100%        7    #######
 Summon Greater Demon     Summ           #.........   100%        7    #######
 Summon Hydra             Summ           #.........   100%        7    #######
 Ignition                 Fire           #.........   100%        8    #######
 Summon Horrible Things   Summ           #.........   100%        8    #######
 Dragon's Call            Summ           #.........   100%        9    #######
 Shatter                  Erth           #.........   100%        9    #######
 Passage of Golubria      Tloc           Unusable     N/A         4    N/A

Dungeon Overview and Level Annotations

Branches:
Dungeon (15/15)            Temple (1/1) D:4            Lair (6/6) D:9
 Shoals (4/4) Lair:2        Snake (4/4) Lair:2        Slime (5/5) Lair:6
    Orc (2/2) D:11            Elf (3/3) Orc:2        Vaults (5/5) D:13
  Crypt (3/3) Vaults:3       Tomb (0/3) Crypt:3      Depths (5/5) D:15
    Zot (5/5) Depths:5

Altars:
Ashenzari
Cheibriados
Dithmenos
Elyvilon
Fedhas
Gozag
Hepliaklqana
Kikubaaqudgha
Makhleb
Nemelex Xobeh
Okawaru
Qazlal
Ru
Sif Muna
Trog
Uskayaw
Vehumet
Wu Jian
Xom
Yredelemnul
Zin
The Shining One
Beogh
Jiyva

Shops:
D:6 :   Orc:2 ?%:*   Elf:3 *   Shoals:3 *   Snake:3 !}   Vaults:4 ?
Vaults:5 ?%   Depths:5 =}}

Portals:
Hell: Depths:1 Depths:2 Depths:3 Depths:4 Depths:5
Abyss: Depths:4
Pandemonium: Depths:3
Ziggurat: Depths:4
Trove: D:15 (show abyssal rune of Zot)

Annotations:
D:12 3 runed doors, Lluna's ghost, journeyman DECj
Lair:2 exclusion: oklob plant
Lair:6 exclusion: oklob plant
Snake:2 3 runed doors
Snake:3 exclusion: downstairs
Depths:1 exclusion: downstairs
Depths:4 1 runed door, exclusion: door


Innate Abilities, Weirdness & Mutations

You are resistant to damage.
You can heal yourself by infusing magical energy.
You resist negative energy. (rN+)
You passively map a large area around you.
You do not regenerate.
You have sharp fingernails.
You are partially covered in icy blue scales. (AC +2)
You have a somewhat thin skeletal structure. (Dex +2, Stealth)
Your body often deteriorates upon taking damage.
Your flesh is heat resistant. (rF+)
You occasionally shout uncontrollably at your foes.
You expend magic power (3 MP) to strengthen your wands.
Your movements are slightly less encumbered by armour. (ER -2)


Message History

Where to? (Enter - D:1, ? - help)
A Hell Sentinel comes into view.
Unknown command.
Unknown command.
The Hell Sentinel gestures at you.
The sphere of damnation explodes!
The damnation engulfs you!
You found a teleport trap!
The teleport trap disappears.
The Hell Sentinel disappears!
No target in view!
No target in view!
No target in view!
No target in view!
No target in view!
No target in view!
No target in view!
You take 25 damage, and have 254/279 hp.
No target in view!
No target in view!
No target in view!
No target in view!
No target in view!
No target in view!
No target in view!
No target in view!
No target in view!
No target in view!
No target in view!
No target in view!
No target in view!
No target in view!
No target in view!
No target in view!
No target in view!
No target in view!
No target in view!
Unknown command.
(D) Dungeon (T) Temple (L) Lair (A) Shoals (P) Snake Pit (M) Slime Pits (O) Orcish Mines (E) Elven Halls (V) Vaults (C) Crypt (W) Tomb (U) Depths (H) Hell (Z) Zot
Where to? (Enter - D:1, ? - help)
You see here a club.
Things that are here:
a dagger; a club
There is a stone staircase leading up here.
You climb upwards.
There is a stone staircase leading down here.
Unknown command.
A hellion comes into view.
The hellion gives a hideous shriek!
The hellion gestures at you.
The sphere of damnation explodes!
The damnation engulfs you!
The damnation engulfs the hellion.
The hellion completely resists.
You hit the hellion.
The hellion is lightly wounded.
You block the hellion's attack.
You hit the hellion. Lightning courses through the hellion!
The hellion is heavily wounded.
You block the hellion's attack.
You hit the hellion but do no damage.
The hellion is heavily wounded.
You whack the hellion!
The hellion is severely wounded.
The hellion gestures at you.
The sphere of damnation explodes!
The damnation engulfs you!
The damnation engulfs the hellion.
The hellion completely resists.
You thrash the hellion!! Lightning courses through the hellion!
You kill the hellion!
Makhleb accepts your kill.
You feel better.
No target in view!
No target in view!
No target in view!
No target in view!
No target in view!
No target in view!
No target in view!
No target in view!
You take 40 damage, and have 214/279 hp.
No target in view!
No target in view!
No target in view!
No target in view!
No target in view!
No target in view!
No target in view!
No target in view!
No target in view!
No target in view!
No target in view!
No target in view!
No target in view!
Unknown command.
(D) Dungeon (T) Temple (L) Lair (A) Shoals (P) Snake Pit (M) Slime Pits (O) Orcish Mines (E) Elven Halls (V) Vaults (C) Crypt (W) Tomb (U) Depths (H) Hell (Z) Zot
Where to? (Enter - D:1 @ (x,y), ? - help)
There is a staircase leading out of the dungeon here.
You have escaped!

█.█ ██.....█
█.....███.█████
█.█ █.....██
██.....██......
█.█ █..(..█
█.....████████
██.█ █.....█
█.....█ ...█
█.....██
██.....█


████ ██.....█ █.....██ █.....███.....█ ██.....█.....██ ██...@█....██ ██████..███
█.█ █.█.█ █████ █.█ █...█ █.... █.█ ███.█ █.███ █.█ █.█ █.█ █.█ █.█████ █.█
██████████████.█████.....████.███ .............█.██................ There were
no monsters in sight!

Vanquished Creatures
  Dissolution (Slime:2)
  the Royal Jelly (Slime:5)
  8 ancient liches
  5 orbs of fire (Zot:5)
  3 juggernauts
  A pandemonium lord (Depths:4)
  Sojobo (Crypt:2)
  Boris (twice) (Vaults:3 Crypt:3)
  Frederick (Crypt:3)
  Xtahua (Crypt:3)
  A curse toe (Zot:2)
  Saint Roka (Snake:2)
  Vashnia (Snake:2)
  7 Killer Klowns
  Margery (Crypt:3)
  16 golden dragons
  Nikola (Depths:3)
  Jory (Crypt:2)
  2 bone dragons (Crypt:3)
  15 tentacled monstrosities
  3 electric golems
  An Ice Fiend (D:15)
  2 liches (Crypt:3)
  28 Orb Guardians
  2 deep elf master archers (Elf:3)
  9 acid blobs
  5 quicksilver dragons
  Asterion (Vaults:3)
  4 titans (Vaults:5)
  A deep elf blademaster (Elf:3)
  A kraken (Shoals:3)
  7 ancient champions
  8 death cobs
  A sphinx (shapeshifter) (D:15)
  Kirke (D:13)
  Gastronok (D:11)
  7 sphinxes
  11 tengu reavers
  15 fire giants
  5 revenants
  7 nagarajas (Snake:4)
  9 shadow dragons
  Donald (Elf:3)
  3 azure jellies
  14 storm dragons
  3 large abominations
  5 draconian monks
  A balrug (Depths:1)
  5 iron dragons
  8 draconian scorchers
  7 draconian knights
  9 frost giants
  Louise (Depths:4)
  8 deep elf sorcerers
  A warmonger (D:9)
  9 draconian shifters
  2 ghost moths (Zot:4)
  An orc warlord (Orc:2)
  4 curse skulls
  9 vault wardens
  A ghoul (Crypt:2)
  2 spriggan defenders (Depths:3)
  6 draconian stormcallers
  3 reapers
  5 draconian annihilators
  20 very ugly things
  19 ironheart preservers
  A war gargoyle (Vaults:5)
  An entropy weaver (Vaults:4)
  28 stone giants
  A corrupter (D:9)
  A blood saint (D:9)
  7 vampire knights
  11 green draconians
  8 red draconians
  5 deep elf demonologists
  12 purple draconians
  9 yellow draconians
  7 spark wasps
  15 white draconians
  12 deep elf annihilators
  A black sun (D:9)
  14 black draconians
  3 eidola
  13 ettins
  4 merfolk javelineers
  8 deep elf death magi
  13 fire dragons
  15 merfolk impalers
  2 death oozes (Slime:5)
  Josephine (Orc:1)
  9 jiangshi
  Erolcha (Orc:1)
  12 yaktaur captains
  Snorg (D:11)
  7 ice dragons
  10 deep elf high priests
  14 great orbs of eyes
  Fannar (Orc:1)
  28 vault guards
  7 hydras
  A small abomination (Vaults:5)
  3 catoblepae
  3 hell beasts
  2 merfolk avatars
  4 spriggan air magi
  3 death knights
  10 naga warriors
  2 quicksilver dragon skeletons (Crypt:3)
  2 alligator snapping turtles (Shoals:2)
  13 centaur warriors
  Erica (D:10)
  5 rakshasas
  6 anacondas
  48 two-headed ogres
  A catoblepas (shapeshifter) (Vaults:5)
  A queen ant (Lair:3)
  A two-headed ogre (shapeshifter) (Depths:3)
  29 dancing weapons
  A merfolk aquamancer (Shoals:2)
  13 ogre magi
  7 deep troll shamans
  7 spriggan berserkers
  10 deep troll earth magi
  4 death yaks
  5 tengu warriors
  9 vampire magi
  5 orc high priests (Orc:2)
  7 shock serpents
  23 deep elf knights
  2 iron trolls
  11 naga sharpshooters
  3 sun demons
  28 hell knights
  A titan skeleton (Crypt:3)
  7 soul eaters (Depths:4)
  2 shadow wraiths (Crypt:3)
  2 sixfirhies
  44 skeletal warriors
  A golden dragon zombie (Depths:3)
  5 unseen horrors
  2 torturous demonspawn (D:9)
  33 deep trolls
  A death drake (Zot:2)
  A golden dragon skeleton (Crypt:3)
  21 sea snakes
  A kraken simulacrum (Shoals:4)
  An orange crystal statue (Zot:5)
  19 deep elf archers
  An infernal demonspawn (D:9)
  3 flayed ghosts (Crypt:3)
  Pikel (D:5)
  3 lindwurms
  5 wizards
  3 naga ritualists
  14 ironbrand convokers
  An iron giant skeleton (Crypt:2)
  A wolf spider zombie (D:11)
  A harpy (shapeshifter) (Vaults:3)
  21 harpies
  11 phantasmal warriors
  65 deep elf magi
  11 mana vipers
  11 necromancers
  11 orc knights
  3 wolf spiders
  49 ugly things
  A fire giant zombie (Depths:3)
  8 orc sorcerers
  26 moths of wrath
  10 salamanders
  A sphinx skeleton (Vaults:5)
  13 cyclopes
  13 manticores
  5 elephants
  3 shining eyes
  3 torpor snails
  An iron dragon skeleton (Crypt:3)
  5 shadow dragon skeletons
  Maurice (D:9)
  7 guardian serpents
  A guardian serpent (shapeshifter) (Elf:1)
  17 naga magi
  13 vault sentinels
  28 black mambas
  An eye of devastation (Slime:2)
  3 merfolk sirens
  2 centaur zombies
  A fire giant skeleton (Vaults:1)
  Joseph (D:7)
  5 smoke demons
  5 water nymphs
  2 orange demons
  2 gargoyles
  A hellion (D:1)
  An ice statue (IceCv)
  A yellow draconian zombie (Crypt:2)
  2 centaur skeletons
  2 shock serpent skeletons (Crypt:3)
  7 komodo dragons
  9 spiny frogs
  7 rime drakes
  8 freezing wraiths
  An efreet (D:15)
  A rime drake (shapeshifter) (D:13)
  49 yaktaurs
  A hellwing (D:15)
  A death yak skeleton (Crypt:3)
  A yaktaur (shapeshifter) (Vaults:5)
  2 ice devils
  4 guardian mummies
  A red devil (D:11)
  A yaktaur skeleton (Vaults:1)
  14 polar bears (IceCv)
  3 meliai (D:13)
  7 tyrant leeches (Lair:2)
  A tengu conjurer (Depths:1)
  6 trolls
  36 merfolk
  A moth of wrath zombie (Crypt:3)
  3 hydra skeletons (Crypt:3)
  3 wind drakes
  70 slime creatures
  7 snapping turtles
  5 hornets
  A guardian serpent zombie (Crypt:2)
  14 blink frogs
  A jumping spider zombie (Crypt:2)
  4 dream sheep
  A stone giant simulacrum (Vaults:3)
  An ettin zombie (Vaults:1)
  18 hippogriffs
  A hippogriff (shapeshifter) (Vaults:1)
  A meliai zombie (Crypt:3)
  A redback (shapeshifter) (Elf:3)
  8 flying skulls (Crypt:3)
  An elf simulacrum (Vaults:5)
  3 redbacks (Vaults:4)
  2 ice dragon skeletons (Crypt:3)
  A spriggan (shapeshifter) (D:15)
  9 shadows
  A centaur simulacrum (D:14)
  96 yaks
  4 air elementals
  A tarantella (shapeshifter) (Vaults:1)
  3 vampires (Vaults:3)
  4 spriggans
  17 water elementals
  11 wraiths
  An ettin skeleton (Crypt:3)
  A ynoxinul (D:14)
  6 basilisks
  5 fire elementals
  6 golden eyes (Slime:2)
  A neqoxec (D:10)
  A yak (shapeshifter) (D:14)
  4 wyverns
  A golden eye (shapeshifter) (Depths:4)
  2 hungry ghosts
  3 steam dragons (Shoals:1)
  4 vampire mosquitoes (D:12)
  2 hogs (D:13)
  A chaos spawn (D:5)
  3 swamp worms (Lair:2)
  A human simulacrum (Vaults:3)
  4 wargs
  41 nagas
  A two-headed ogre zombie (Crypt:1)
  Edmund (D:5)
  3 acid dragons
  20 soldier ants (Lair:3)
  A deep troll zombie (Crypt:1)
  21 water moccasins
  59 orc warriors
  7 porcupines
  3 sky beasts
  4 ice beasts
  A black bear (D:8)
  2 phantoms
  22 wolves
  A boggart (D:15)
  A swamp dragon zombie (Crypt:1)
  4 eyes of draining
  5 necrophages
  49 ogres
  12 centaurs
  A manticore skeleton (Crypt:1)
  A lindwurm skeleton (Crypt:2)
  A crocodile (shapeshifter) (D:15)
  14 crocodiles
  9 big kobolds
  23 bullfrogs
  An elf zombie (D:15)
  9 earth elementals
  A hippogriff skeleton (Crypt:2)
  A wyvern zombie (D:12)
  9 scorpions
  A raiju zombie (Crypt:2)
  6 wights
  A wolf zombie (Crypt:1)
  3 electric eels
  2 howler monkeys
  A bullfrog zombie (D:5)
  8 crimson imps
  A yaktaur simulacrum (Vaults:1)
  6 quasits
  9 human zombies
  8 hounds
  6 jellies
  36 orc priests
  3 bullfrog skeletons
  An iguana (D:6)
  Ijyb (D:3)
  32 worker ants
  4 human skeletons
  27 orc wizards
  A porcupine skeleton (Crypt:3)
  A killer bee zombie (D:9)
  2 hound skeletons
  17 mummies
  A worker ant zombie (D:5)
  17 adders
  5 gnolls
  A howler monkey skeleton (D:7)
  7 shadow imps
  An ooze (D:3)
  A halfling zombie (Crypt:2)
  2 worms
  An adder skeleton (D:9)
  An adder zombie (D:5)
  A lava snake skeleton (Crypt:2)
  4 dart slugs
  6 leopard geckos
  132 orcs
  5 ball pythons
  8 bats
  A bat zombie (Crypt:1)
  6 giant cockroaches
  9 goblins
  9 hobgoblins
  19 jackals
  32 kobolds
  5 quokkas
  4 frilled lizards
  A jackal skeleton (D:5)
  A jackal zombie (D:6)
  2 leopard gecko skeletons
  An orc zombie (Crypt:1)
  2 quokka skeletons
  A quokka zombie (D:5)
  11 rats
  4 crawling corpses (Vaults:5)
  4 tentacles
2748 creatures vanquished.

Vanquished Creatures (collateral kills)
  A bone dragon (Depths:5)
  Frances (Snake:2)
  2 nagarajas (Snake:2)
  2 stone giants
  A deep elf annihilator (Depths:5)
  A purple draconian (Depths:5)
  A yellow draconian (Depths:5)
  A fire dragon (Depths:5)
  A naga warrior (Snake:2)
  A great orb of eyes (Depths:4)
  A spriggan air mage (Depths:5)
  A death knight (D:15)
  A death yak (IceCv)
  5 naga sharpshooters (Snake:2)
  2 deep trolls (Depths:4)
  A wizard (Depths:1)
  A naga ritualist (Snake:4)
  An orc knight (Vaults:1)
  2 necromancers
  A mana viper (Snake:2)
  A salamander (Snake:2)
  A black mamba (Snake:2)
  2 naga magi (Snake:2)
  3 nagas (Snake:2)
  3 boggarts (D:15)
38 creatures vanquished.

Vanquished Creatures (others)
  A ghost moth (shapeshifter) (Elf:2)
  A draconian stormcaller (Zot:4)
  A stone giant (Vaults:5)
  A very ugly thing (Depths:3)
  A yaktaur captain (Vaults:5)
  A rakshasa (Depths:1)
  An anaconda (Snake:4)
  A deep troll shaman (Depths:2)
  An ogre mage (Depths:2)
  A deep elf archer (Vaults:5)
  2 ugly things (Depths:3)
  2 deep elf magi
  A polar bear (IceCv)
  A flying skull (Crypt:3)
  An air elemental (Elf:1)
  A naga (Snake:4)
  An ogre (Vaults:5)
  2 wolves (IceCv)
  A hound (D:13)
  An orc wizard (Orc:1)
  An adder (D:5)
  2 orcs
  2 crawling corpses (Elf:3)
  11 fungi
  30 plants
  11 tentacles
80 creatures vanquished.

Grand Total: 2866 creatures vanquished

Notes
Turn   | Place    | Note
-------+----------+-------------------------------------------
     0 | D:1      | Goblin1989 the Deep Dwarf Fighter began the quest for the
                  | Orb.
     0 | D:1      | Reached XP level 1. HP: 20/20 MP: 1/1
   117 | D:1      | Reached XP level 2. HP: 17/27 MP: 2/2
   808 | D:2      | Reached XP level 3. HP: 33/33 MP: 3/3
  1072 | D:2      | Reached XP level 4. HP: 25/40 MP: 4/4
  1300 | D:3      | Noticed Ijyb
  1353 | D:3      | Killed Ijyb
  1595 | D:3      | Reached XP level 5. HP: 34/48 MP: 4/4
  1632 | D:3      | Reached skill level 5 in Maces & Flails
  1632 | D:3      | Reached skill level 1 in Evocations
  2353 | D:4      | Reached skill level 1 in Dodging
  2794 | D:4      | Reached XP level 6. HP: 52/56 MP: 6/6
  2816 | D:4      | Reached skill level 2 in Evocations
  2848 | D:4      | Got a bone mace
  3073 | D:4      | Found a staircase to the Ecumenical Temple.
  3260 | D:4      | Found a deep blue altar of Sif Muna.
  3444 | Temple   | Entered the Ecumenical Temple
  3643 | Temple   | Became a worshipper of Makhleb the Destroyer
  3720 | D:5      | Entered Level 5 of the Dungeon
  3761 | D:5      | Noticed a sky beast
  3797 | D:5      | Killed a sky beast
  3816 | D:5      | Identified the +7 mace of Indomitability {holy, rF+ rC+}
                  | (You found it on level 4 of the Dungeon)
  3874 | D:5      | Reached XP level 7. HP: 38/62 MP: 6/8
  3949 | D:5      | Reached skill level 3 in Evocations
  4008 | D:5      | Noticed Pikel
  4029 | D:5      | Killed Pikel
  4029 | D:5      | Reached skill level 4 in Evocations
  4029 | D:5      | Reached XP level 8. HP: 68/72 MP: 8/10
  4249 | D:5      | Noticed Edmund
  4255 | D:5      | Killed Edmund
  4255 | D:5      | Reached skill level 5 in Armour
  4255 | D:5      | Reached skill level 5 in Shields
  4584 | D:5      | Reached * piety under Makhleb
  4666 | D:5      | Reached skill level 5 in Evocations
  4679 | D:5      | Got a polished plate armour
  4745 | D:5      | Identified the +9 plate armour of Life {rPois rF+} (You
                  | found it on level 5 of the Dungeon)
  4802 | D:6      | Found Faehiqer's Book Emporium.
  4853 | D:6      | Gained mutation: You passively map the area around you.
                  | [Deep Dwarf growth]
  4853 | D:6      | Reached XP level 9. HP: 58/79 MP: 11/11
  5155 | D:6      | Found an ornate altar of the Wu Jian Council.
  5155 | D:6      | Found a blossoming altar of Fedhas.
  5155 | D:6      | Found a glowing golden altar of the Shining One.
  5155 | D:6      | Found a basalt altar of Yredelemnul.
  5176 | D:6      | Found a shattered altar of Ashenzari.
  5180 | D:6      | Found a shadowy altar of Dithmenos.
  5367 | D:7      | Reached skill level 5 in Fighting
  5385 | D:7      | Reached ** piety under Makhleb
  5385 | D:7      | Reached skill level 6 in Evocations
  5502 | D:7      | Reached skill level 5 in Dodging
  5609 | D:7      | Noticed Joseph
  5642 | D:7      | Killed Joseph
  5938 | D:8      | Noticed a two-headed ogre
  5968 | D:8      | Killed a two-headed ogre
  5968 | D:8      | Reached XP level 10. HP: 49/88 MP: 11/13
  5972 | D:8      | Reached skill level 7 in Evocations
  6498 | D:8      | Reached *** piety under Makhleb
  6523 | D:8      | Noticed a centaur warrior
  6543 | D:8      | Killed a centaur warrior
  6543 | D:8      | Reached skill level 1 in Invocations
  6585 | D:8      | Noticed a deep elf mage
  6593 | D:8      | Killed a deep elf mage
  6610 | D:8      | Got a coiled lead ring
  6613 | D:8      | Identified the Tome of Heresy
  6897 | D:8      | Found an iron altar of Okawaru.
  6901 | D:8      | Found a snail-covered altar of Cheibriados.
  6906 | D:8      | Found a glowing silver altar of Zin.
  6906 | D:8      | Found a white marble altar of Elyvilon.
  6909 | D:8      | Found a sparkling altar of Nemelex Xobeh.
  7038 | D:8      | Identified the ring of the Iron Devil {rElec rPois rC- MP+9
                  | AC+3} (You found it on level 8 of the Dungeon)
  7081 | D:9      | Got a fine leather armour
  7136 | D:9      | Reached skill level 10 in Maces & Flails
  7143 | D:9      | Reached XP level 11. HP: 66/97 MP: 14/14
  7158 | D:9      | Reached skill level 8 in Evocations
  7253 | D:9      | Found a staircase to the Lair.
  7296 | D:9      | Noticed Maurice
  7327 | D:9      | Paralysed by Maurice for 3 turns
  7339 | D:9      | Killed Maurice
  7399 | D:9      | Reached **** piety under Makhleb
  7860 | D:10     | Entered Level 10 of the Dungeon
  8058 | D:10     | Noticed Erica
  8075 | D:10     | Killed Erica
  8152 | D:10     | You fall through a shaft for 2 floors!
  8198 | D:12     | Noticed a four-headed hydra
  8212 | D:12     | Killed a four-headed hydra
  8212 | D:12     | Reached skill level 5 in Invocations
  8357 | D:12     | Reached skill level 9 in Evocations
  8377 | D:12     | Reached ***** piety under Makhleb
  8406 | D:12     | Noticed a three-headed hydra
  8427 | D:12     | Killed a three-headed hydra
  8535 | D:12     | Got a twisted ring mail
  8587 | D:12     | Found a runed gate.
  8588 | D:12     | Found a runed gate.
  8588 | D:12     | Found a runed gate.
  8589 | D:12     | Noticed Lluna's ghost (journeyman DECj)
  8892 | D:11     | Reached XP level 12. HP: 109/109 MP: 16/16
  8931 | D:11     | Got a transparent robe
  8945 | D:11     | Noticed Snorg
  8976 | D:11     | Killed Snorg
  9133 | D:11     | Found a staircase to the Orcish Mines.
  9207 | D:11     | Noticed Gastronok
  9264 | D:11     | Killed Gastronok
  9771 | Lair:1   | Entered Level 1 of the Lair of Beasts
 10845 | Lair:2   | Reached skill level 10 in Evocations
 10909 | Lair:2   | Found a staircase to the Snake Pit.
 11023 | Lair:2   | Noticed a six-headed hydra
 11034 | Lair:2   | Killed a six-headed hydra
 11102 | Lair:2   | Found a labyrinth entrance.
 11513 | Lair:2   | Reached XP level 13. HP: 82/117 MP: 17/17
 11615 | Lair:2   | Reached ****** piety under Makhleb
 12008 | Lair:2   | Found a staircase to the Shoals.
 13600 | Lair:4   | Reached skill level 10 in Armour
 13611 | Lair:4   | Found a frozen archway.
 13630 | IceCv    | Entered an ice cave
 13909 | IceCv    | Reached skill level 11 in Evocations
 13921 | IceCv    | Reached skill level 10 in Shields
 14248 | IceCv    | Noticed a white draconian
 14296 | IceCv    | Killed a white draconian
 14394 | IceCv    | Got a twitching lead ring
 14790 | Lair:4   | Identified the ring "Fifoj" {rC+ Dex+4} (You found it in an
                  | ice cave)
 14859 | Lair:4   | Gained mutation: You resist negative energy. (rN+) [Deep
                  | Dwarf growth]
 14859 | Lair:4   | Reached XP level 14. HP: 117/127 MP: 18/18
 16070 | Lair:6   | Entered Level 6 of the Lair of Beasts
 16346 | Orc:1    | Entered Level 1 of the Orcish Mines
 16676 | Orc:2    | Entered Level 2 of the Orcish Mines
 17113 | Orc:1    | Noticed Josephine
 17146 | Orc:1    | Killed Josephine
 17146 | Orc:1    | Reached skill level 10 in Dodging
 17157 | Orc:1    | Noticed Erolcha
 17173 | Orc:1    | Noticed Fannar
 17224 | Orc:1    | Killed Fannar
 17233 | Orc:1    | Killed Erolcha
 17233 | Orc:1    | Reached skill level 10 in Invocations
 17858 | Orc:2    | Found a staircase to the Elven Halls.
 17948 | Orc:2    | Reached skill level 12 in Evocations
 18188 | Orc:2    | Noticed an orc warlord
 18227 | Orc:2    | Killed an orc warlord
 18298 | Orc:2    | Found Sokhuh's Book Emporium.
 18335 | Orc:2    | Found a roughly hewn altar of Beogh.
 18447 | Orc:2    | Found Cean's General Store.
 19118 | Orc:2    | Found a roughly hewn altar of Beogh.
 19193 | Orc:2    | Reached XP level 15. HP: 135/136 MP: 20/20
 19230 | Orc:2    | Found Upluh's Magic Scroll Emporium.
 19255 | Orc:2    | Bought a scroll of fear for 49 gold pieces
 19255 | Orc:2    | Bought a scroll of random uselessness for 14 gold pieces
 19262 | Orc:2    | Found Lifiga's Food Shoppe.
 19946 | Lair:6   | Found a staircase to the Slime Pits.
 20255 | Lair:6   | Found a blossoming altar of Fedhas.
 20898 | Lair:6   | Reached skill level 10 in Fighting
 20980 | Lair:6   | Reached skill level 13 in Evocations
 21539 | D:13     | Found a gate to the Vaults.
 21679 | D:13     | Noticed Kirke
 21700 | D:13     | Killed Kirke
 22570 | D:14     | Got a steaming dagger
 23169 | D:14     | Reached XP level 16. HP: 145/147 MP: 22/22
 23190 | D:14     | Found an opulent altar of Gozag.
 23442 | D:15     | Entered Level 15 of the Dungeon
 23700 | D:15     | Noticed a sphinx
 23719 | D:15     | Noticed a sphinx
 23719 | D:15     | an azure jelly changed into a sphinx
 23721 | D:15     | a sphinx changed into a stone giant
 23724 | D:15     | Noticed a shadow dragon
 23724 | D:15     | a stone giant changed into a shadow dragon
 23732 | D:15     | Noticed a sphinx
 23732 | D:15     | a shadow dragon changed into a sphinx
 23745 | D:15     | Killed a sphinx
 23922 | D:15     | Reached skill level 14 in Evocations
 24248 | D:15     | Found a staircase to the Depths.
 24283 | D:15     | Found a portal to a secret trove of treasure.
 24380 | D:15     | Found a basalt altar of Yredelemnul.
 25010 | Snake:1  | Entered Level 1 of the Snake Pit
 25663 | Snake:2  | Found an ancient bone altar of Kikubaaqudgha.
 25724 | Snake:2  | Noticed Vashnia
 25939 | Snake:2  | Noticed Saint Roka
 25986 | Snake:2  | Killed Saint Roka
 26070 | Snake:2  | Killed Vashnia
 26103 | Snake:2  | Noticed Frances
 26131 | Snake:2  | Killed Frances
 26226 | Snake:2  | Found a runed gate.
 26226 | Snake:2  | Found a runed gate.
 26226 | Snake:2  | Found a runed gate.
 26660 | Snake:3  | Reached skill level 15 in Evocations
 26660 | Snake:3  | Reached XP level 17. HP: 139/157 MP: 20/20
 27158 | Snake:3  | Found Poatagh's Gadget Emporium.
 27158 | Snake:3  | Found Julof's Distillery.
 27346 | Snake:4  | Entered Level 4 of the Snake Pit
 29390 | Snake:4  | Reached skill level 16 in Evocations
 29530 | Snake:4  | Got a serpentine rune of Zot
 29838 | Elf:1    | Entered Level 1 of the Elven Halls
 29973 | Elf:1    | Gained mutation: You passively map a large area around you.
                  | [Deep Dwarf growth]
 29973 | Elf:1    | Reached XP level 18. HP: 137/168 MP: 20/20
 31883 | Elf:2    | Found a runed gate.
 31883 | Elf:2    | Found a runed gate.
 31883 | Elf:2    | Found a runed gate.
 32645 | Elf:3    | Entered Level 3 of the Elven Halls
 32645 | Elf:3    | Found Romucw's Assorted Antiques.
 32903 | Depths:1 | Entered Level 1 of the Depths
 32995 | Vaults:1 | Entered Level 1 of the Vaults
 33386 | Vaults:1 | Reached skill level 15 in Shields
 33386 | Vaults:1 | Reached skill level 17 in Evocations
 33563 | Vaults:1 | Reached skill level 15 in Armour
 33628 | Vaults:1 | Reached XP level 19. HP: 177/177 MP: 19/19
 35541 | Vaults:3 | Noticed Asterion
 35578 | Vaults:3 | Killed Asterion
 35816 | Orc:2    | Bought a scroll of enchant weapon for 112 gold pieces
 36036 | Shoals:1 | Entered Level 1 of the Shoals
 36043 | Shoals:1 | Reached skill level 15 in Dodging
 36047 | Shoals:1 | Reached skill level 15 in Invocations
 37251 | Shoals:2 | Reached skill level 18 in Evocations
 37681 | Shoals:2 | Identified a scroll of acquirement
 37695 | Shoals:3 | Found Pithixyr's Practical Paraphernalia.
 38416 | Shoals:4 | Entered Level 4 of the Shoals
 38848 | Shoals:4 | Reached XP level 20. HP: 187/189 MP: 21/21
 39246 | Shoals:4 | Identified the Handbook of the Mind
 39417 | Shoals:4 | Got a barnacled rune of Zot
 39824 | Vaults:3 | Noticed Boris
 39853 | Vaults:3 | Killed Boris
 40413 | Vaults:3 | Reached skill level 19 in Evocations
 41112 | Vaults:3 | Found a staircase to the Crypt.
 41559 | Vaults:4 | Found Puebruh's Magic Scroll Shop.
 41596 | Vaults:4 | Bought a scroll of enchant weapon for 120 gold pieces
 42074 | Vaults:4 | Reached XP level 21. HP: 200/200 MP: 22/22
 43026 | D:15     | Reached skill level 15 in Fighting
 43267 | Depths:1 | Reached skill level 20 in Evocations
 43405 | Depths:1 | Found a gateway to Hell.
 44808 | Depths:2 | Identified Sif Muna's Papyrus of Scorching Poison
 45026 | Depths:3 | Reached XP level 22. HP: 212/212 MP: 21/21
 45128 | Depths:3 | Found a one-way gate leading to the halls of Pandemonium.
 45149 | Depths:3 | Noticed Nikola
 45187 | Depths:3 | Killed Nikola
 45488 | Depths:3 | Reached skill level 21 in Evocations
 45709 | Depths:3 | Noticed a golden dragon
 45739 | Depths:3 | Killed a golden dragon
 45855 | Depths:3 | Got a scorched wooden ring
 46038 | Depths:4 | Found a one-way gate to the infinite horrors of the Abyss.
 46061 | Depths:4 | Noticed Louise
 46097 | Depths:4 | Killed Louise
 46259 | Depths:4 | Found a runed door.
 46694 | Depths:4 | Identified the ring "Ipuur" {*Contam +Fly Int+5} (You found
                  | it on level 3 of the Depths)
 46755 | Depths:4 | Gained mutation: You are somewhat resistant to further
                  | mutation. [mutagenic glow]
 46809 | Depths:4 | Found a gateway to a ziggurat.
 47303 | Depths:4 | Noticed a juggernaut
 47318 | Depths:4 | Killed a juggernaut
 47318 | Depths:4 | Reached XP level 23. HP: 223/223 MP: 18/18
 47663 | Depths:5 | Entered Level 5 of the Depths
 47690 | Depths:5 | Reached skill level 22 in Evocations
 47803 | Depths:5 | Found a gate to the Realm of Zot.
 48146 | Depths:5 | Noticed a juggernaut
 48164 | Depths:5 | Killed a juggernaut
 48271 | Depths:5 | Found Ajibb's Jewellery Boutique.
 48271 | Depths:5 | Found Ithradack's Gadget Shoppe.
 48276 | Depths:5 | Found Imaob's Gadget Shoppe.
 48283 | Depths:5 | Bought a +5 amulet of reflection for 618 gold pieces
 48706 | Depths:5 | Noticed a juggernaut
 48726 | Depths:5 | Killed a juggernaut
 49128 | Crypt:1  | Entered Level 1 of the Crypt
 49940 | Crypt:2  | Noticed Sojobo
 49962 | Crypt:2  | Noticed Jory
 49984 | Crypt:2  | Killed Sojobo
 50056 | Crypt:2  | Killed Jory
 50347 | Crypt:3  | Entered Level 3 of the Crypt
 50347 | Crypt:3  | Noticed Xtahua
 50368 | Crypt:3  | Killed Xtahua
 50478 | Crypt:3  | Noticed Boris
 50506 | Crypt:3  | Noticed Margery
 50525 | Crypt:3  | Killed Boris
 50525 | Crypt:3  | Reached skill level 23 in Evocations
 50556 | Crypt:3  | Killed Margery
 50556 | Crypt:3  | Reached XP level 24. HP: 234/234 MP: 18/18
 50737 | Crypt:3  | Found an ancient bone altar of Kikubaaqudgha.
 50771 | Crypt:3  | Noticed an ancient lich
 50805 | Crypt:3  | Killed an ancient lich
 50872 | Crypt:3  | Identified the amulet of the Moon {+Blink +Fly Regen+ Int-3
                  | Dex+4} (You found it on level 3 of the Crypt)
 50876 | Crypt:3  | Identified the ring of Thoughtfulness {rF+ rN+ MP+9} (You
                  | found it on level 3 of the Crypt)
 50880 | Crypt:3  | Got a crude golden ring
 50880 | Crypt:3  | Got a smoking brass ring
 51194 | Crypt:3  | Noticed Frederick
 51212 | Crypt:3  | Killed Frederick
 51731 | Crypt:3  | Found a staircase to the Tomb.
 52489 | Snake:3  | Bought a wand of iceblast (7) for 176 gold pieces
 52489 | Snake:3  | Bought a wand of iceblast (3) for 112 gold pieces
 52489 | Snake:3  | Bought a wand of acid (6) for 320 gold pieces
 52826 | Vaults:4 | Bought a scroll of enchant armour for 120 gold pieces
 52826 | Vaults:4 | Bought a scroll of enchant armour for 120 gold pieces
 53176 | Depths:5 | Bought a wand of iceblast (8) for 168 gold pieces
 53491 | Orc:2    | Bought a scroll of identify for 28 gold pieces
 53491 | Orc:2    | Bought a scroll of identify for 28 gold pieces
 53491 | Orc:2    | Bought a scroll of identify for 28 gold pieces
 53491 | Orc:2    | Bought a scroll of identify for 28 gold pieces
 53491 | Orc:2    | Identified the ring "Dedum" {rF- rC+ rN+ Int+7} (You found
                  | it on level 3 of the Crypt)
 53492 | Orc:2    | Identified the ring of Kiof {*Contam rN+ Dex+6} (You found
                  | it on level 3 of the Crypt)
 53807 | Depths:5 | Bought a wand of iceblast (7) for 275 gold pieces
 53807 | Depths:5 | Bought a wand of iceblast (10) for 350 gold pieces
 54439 | Elf:3    | Noticed Donald
 54457 | Elf:3    | Killed Donald
 54484 | Elf:3    | Found the +7 mace of Variability {chain chaos}
 54794 | Elf:3    | Got a transparent mace {pain}
 55220 | Elf:3    | Reached skill level 24 in Evocations
 55241 | Elf:3    | Got a crystal quarterstaff {freeze}
 55250 | Elf:3    | Got a transparent robe
 55391 | Elf:3    | Got a heavily runed ring mail
 55403 | Elf:3    | Got a fine dagger {speed}
 55443 | Elf:3    | Identified Coeck's Reference Book on Moulding
 55462 | Elf:3    | Got a warped dagger
 56014 | Vaults:5 | Entered Level 5 of the Vaults
 56028 | Vaults:5 | Reached XP level 25. HP: 246/246 MP: 18/18
 56070 | Vaults:5 | Noticed an ancient lich
 56126 | Vaults:5 | Killed an ancient lich
 56344 | Vaults:5 | Reached skill level 25 in Evocations
 56646 | Vaults:5 | Got a slimy dagger {venom}
 56734 | Vaults:5 | Got a silver rune of Zot
 56752 | Vaults:5 | Got a jewelled hand crossbow {venom}
 56880 | Vaults:5 | Reached XP level 26. HP: 258/258 MP: 18/18
 57049 | Vaults:5 | Got a brightly glowing wooden ring
 57117 | Vaults:5 | Found Nudyw's Magic Scroll Shoppe.
 57128 | Vaults:5 | Bought a scroll of summoning for 123 gold pieces
 57128 | Vaults:5 | Bought a scroll of identify for 26 gold pieces
 57128 | Vaults:5 | Bought a scroll of identify for 26 gold pieces
 57128 | Vaults:5 | Bought a scroll of immolation for 45 gold pieces
 57128 | Vaults:5 | Bought a scroll of teleportation for 39 gold pieces
 57128 | Vaults:5 | Bought a scroll of identify for 26 gold pieces
 57128 | Vaults:5 | Bought a scroll of blinking for 97 gold pieces
 57137 | Vaults:5 | Found Coigyet's Food Emporium.
 57137 | Vaults:5 | Found Befoz's Magic Scroll Shop.
 57148 | Vaults:5 | Bought a scroll of identify for 24 gold pieces
 57148 | Vaults:5 | Bought a scroll of immolation for 42 gold pieces
 57148 | Vaults:5 | Bought a scroll of holy word for 90 gold pieces
 57148 | Vaults:5 | Bought a scroll of identify for 24 gold pieces
 57148 | Vaults:5 | Bought a scroll of fog for 24 gold pieces
 57148 | Vaults:5 | Bought a scroll of blinking for 90 gold pieces
 57148 | Vaults:5 | Bought a scroll of identify for 24 gold pieces
 57148 | Vaults:5 | Bought a scroll of teleportation for 36 gold pieces
 57231 | Vaults:5 | Identified the Incunabulum of Intoxication and Snow
 57483 | Vaults:5 | Identified the Handbook of Moulding
 57520 | Vaults:5 | Identified the ring "Lyladd" {+Fly rElec MP-9 Dex+4} (You
                  | took it off an ironbrand convoker on level 5 of the Vaults)
 57689 | Vaults:5 | Got a fine hunting sling
 58142 | Slime:1  | Entered Level 1 of the Pits of Slime
 58356 | Slime:2  | Found a viscous altar of Jiyva.
 58453 | Slime:2  | Noticed Dissolution
 58475 | Slime:2  | Killed Dissolution
 58701 | Slime:5  | Entered Level 5 of the Pits of Slime
 58808 | Slime:5  | Found a viscous altar of Jiyva.
 58809 | Slime:5  | Noticed the Royal Jelly
 58829 | Slime:5  | Killed the Royal Jelly
 58911 | Slime:5  | Got an ancient buckler
 58917 | Slime:5  | Got a flickering silver ring
 58918 | Slime:5  | Identified the ring "Moegeme" {Wiz rF+} (You found it on
                  | level 5 of the Pits of Slime)
 58940 | Slime:5  | Got a translucent ring mail
 58986 | Slime:5  | Got a slimy rune of Zot
 59470 | Zot:1    | Entered Level 1 of the Realm of Zot
 59567 | Zot:1    | Reached skill level 26 in Evocations
 60642 | Zot:2    | Reached XP level 27. HP: 267/268 MP: 19/19
 61166 | Zot:2    | Found the +12 Vampire's Tooth {vamp}
 61933 | Vaults:4 | Bought a scroll of identify for 32 gold pieces
 61933 | Vaults:4 | Bought a scroll of magic mapping for 56 gold pieces
 61933 | Vaults:4 | Bought a scroll of immolation for 56 gold pieces
 61933 | Vaults:4 | Bought a scroll of summoning for 152 gold pieces
 61933 | Vaults:4 | Bought a scroll of remove curse for 48 gold pieces
 61933 | Vaults:4 | Bought a scroll of magic mapping for 56 gold pieces
 61933 | Vaults:4 | Bought 2 scrolls of identify for 64 gold pieces
 61991 | Vaults:5 | Bought a scroll of magic mapping for 42 gold pieces
 62302 | Orc:2    | Bought a scroll of remove curse for 42 gold pieces
 62302 | Orc:2    | Bought a scroll of fear for 49 gold pieces
 62302 | Orc:2    | Bought a scroll of teleportation for 42 gold pieces
 62302 | Orc:2    | Bought a scroll of fear for 49 gold pieces
 62358 | Orc:2    | Bought a scroll of remove curse for 45 gold pieces
 62621 | Snake:3  | Bought a potion of agility for 64 gold pieces
 62621 | Snake:3  | Bought a potion of agility for 64 gold pieces
 62621 | Snake:3  | Bought a potion of heal wounds for 80 gold pieces
 62621 | Snake:3  | Bought 2 potions of might for 128 gold pieces
 62621 | Snake:3  | Bought a potion of curing for 48 gold pieces
 62621 | Snake:3  | Bought a potion of haste for 160 gold pieces
 62621 | Snake:3  | Bought a potion of might for 64 gold pieces
 62621 | Snake:3  | Bought a potion of curing for 48 gold pieces
 62937 | Elf:3    | Bought a scroll of identify for 56 gold pieces
 62937 | Elf:3    | Bought a scroll of fear for 98 gold pieces
 62937 | Elf:3    | Bought a scroll of identify for 56 gold pieces
 62937 | Elf:3    | Bought a scroll of identify for 56 gold pieces
 63251 | Snake:3  | Bought a sack of spiders for 320 gold pieces
 63637 | Depths:5 | Bought a wand of paralysis (11) for 182 gold pieces
 63641 | Depths:5 | Bought a wand of paralysis (12) for 350 gold pieces
 63641 | Depths:5 | Bought a box of beasts for 500 gold pieces
 63641 | Depths:5 | Bought a wand of paralysis (13) for 375 gold pieces
 63641 | Depths:5 | Bought a phantom mirror for 750 gold pieces
 63641 | Depths:5 | Bought a phantom mirror for 750 gold pieces
 63999 | Shoals:3 | Bought a wand of paralysis (4) for 66 gold pieces
 63999 | Shoals:3 | Bought a phantom mirror for 330 gold pieces
 65205 | Zot:3    | Reached skill level 27 in Evocations
 65736 | Zot:4    | Found a sparkling altar of Nemelex Xobeh.
 66856 | Zot:5    | Entered Level 5 of the Realm of Zot
 67383 | Zot:5    | Noticed an ancient lich
 67393 | Zot:5    | Killed an ancient lich
 67444 | Zot:5    | Noticed an orb of fire
 67457 | Zot:5    | Noticed an orb of fire
 67469 | Zot:5    | Gained mutation: You tend to lose your temper in combat.
                  | [an orb of fire]
 67470 | Zot:5    | Killed an orb of fire
 67487 | Zot:5    | Killed an orb of fire
 67563 | Zot:5    | Noticed an ancient lich
 67601 | Zot:5    | Killed an ancient lich
 67612 | Zot:5    | Noticed an orb of fire
 67619 | Zot:5    | Gained mutation: You are frail. (-10% HP) [an orb of fire]
 67637 | Zot:5    | Killed an orb of fire
 67638 | Zot:5    | Lost mutation: You tend to lose your temper in combat.
                  | [potion of mutation]
 67638 | Zot:5    | Lost mutation: You are frail. (-10% HP) [potion of
                  | mutation]
 67638 | Zot:5    | Lost mutation: You are somewhat resistant to further
                  | mutation. [potion of mutation]
 67638 | Zot:5    | Gained mutation: You are partially covered in icy blue
                  | scales. (AC +2) [potion of mutation]
 67649 | Zot:5    | Noticed an ancient lich
 67649 | Zot:5    | Noticed an ancient lich
 67666 | Zot:5    | Killed an ancient lich
 67681 | Zot:5    | Killed an ancient lich
 67752 | Zot:5    | Noticed an ancient lich
 67769 | Zot:5    | Killed an ancient lich
 67792 | Zot:5    | Noticed an ancient lich
 67832 | Zot:5    | Killed an ancient lich
 68057 | Zot:5    | Noticed an orb of fire
 68060 | Zot:5    | Gained mutation: You occasionally shout uncontrollably at
                  | your foes. [an orb of fire]
 68061 | Zot:5    | Gained mutation: Your magical capacity is low. (-10% MP)
                  | [an orb of fire]
 68064 | Zot:5    | Gained mutation: Your spells are a little easier to cast,
                  | but a little less powerful. [an orb of fire]
 68065 | Zot:5    | Gained mutation: Your mind is acute. (Int +2) [an orb of
                  | fire]
 68075 | Zot:5    | Gained mutation: Your body sometimes deteriorates upon
                  | taking damage. [an orb of fire]
 68095 | Zot:5    | Killed an orb of fire
 68153 | Zot:5    | Lost mutation: Your magical capacity is low. (-10% MP)
                  | [potion of mutation]
 68153 | Zot:5    | Lost mutation: Your body sometimes deteriorates upon taking
                  | damage. [potion of mutation]
 68153 | Zot:5    | Lost mutation: Your mind is acute. (Int +2) [potion of
                  | mutation]
 68153 | Zot:5    | Gained mutation: You have a somewhat thin skeletal
                  | structure. (Dex +2, Stealth) [potion of mutation]
 68153 | Zot:5    | Gained mutation: You have a pair of small horns on your
                  | head. [potion of mutation]
 68154 | Zot:5    | Lost mutation: You have a pair of small horns on your head.
                  | [potion of mutation]
 68154 | Zot:5    | Lost mutation: You occasionally shout uncontrollably at
                  | your foes. [potion of mutation]
 68154 | Zot:5    | Lost mutation: Your spells are a little easier to cast, but
                  | a little less powerful. [potion of mutation]
 68154 | Zot:5    | Gained mutation: Your flesh is heat resistant. (rF+)
                  | [potion of mutation]
 68154 | Zot:5    | Gained mutation: Your system is resistant to poisons.
                  | (rPois) [potion of mutation]
 68203 | Zot:5    | Noticed an orb of fire
 68207 | Zot:5    | Gained mutation: You occasionally shout uncontrollably at
                  | your foes. [an orb of fire]
 68233 | Zot:5    | Gained mutation: Your magical capacity is low. (-10% MP)
                  | [an orb of fire]
 68236 | Zot:5    | Gained mutation: Your body sometimes deteriorates upon
                  | taking damage. [an orb of fire]
 68237 | Zot:5    | Killed an orb of fire
 68331 | Zot:5    | Lost mutation: Your body sometimes deteriorates upon taking
                  | damage. [potion of mutation]
 68331 | Zot:5    | Lost mutation: Your system is resistant to poisons. (rPois)
                  | [potion of mutation]
 68331 | Zot:5    | Lost mutation: Your magical capacity is low. (-10% MP)
                  | [potion of mutation]
 68331 | Zot:5    | Gained mutation: Your movements are slightly less
                  | encumbered by armour. (ER -2) [potion of mutation]
 68331 | Zot:5    | Gained mutation: You expend magic power (3 MP) to
                  | strengthen your wands. [potion of mutation]
 68331 | Zot:5    | Gained mutation: Your body sometimes deteriorates upon
                  | taking damage. [potion of mutation]
 68331 | Zot:5    | Gained mutation: You have sharp fingernails. [potion of
                  | mutation]
 68782 | Zot:5    | Got the Orb of Zot
 69014 | Depths:4 | Noticed Jentuobite the pandemonium lord
 69043 | Depths:4 | Killed Jentuobite the pandemonium lord
 69192 | D:15     | Noticed a seraph
 69333 | D:15     | Gained mutation: Your body often deteriorates upon taking
                  | damage. [a neqoxec]
 69760 | D:$      | Escaped with the Orb!

Skill      XL: |  1  2  3  4  5  6  7  8  9 10 11 12 13 14 15 16 17 18 19 20 21 22 23 24 25 26 27 |
---------------+----------------------------------------------------------------------------------+-----
Maces & Flails | 3 4 5 6 7 9 10 11 12 13 14 | 14.0
Evocations     | 1 2 4 5 6 7 9 10 11 12 13 15 16 17 18 19 20 21 23 24 25 26 27 | 27.0
Dodging        | 1 2 3 4 5 6 7 8 9 10 11 12 13 14 15 16 17 19 20 21 22 25 | 25.7
Fighting       | 3 4 5 6 7 8 9 10 11 12 13 14 15 16 17 18 19 20 22 | 22.5
Armour         | 4 5 6 7 8 9 10 11 12 13 14 15 16 17 18 19 20 21 22 23 25 | 25.9
Shields        | 4 5 6 7 8 9 10 11 12 13 14 15 | 15.0
Invocations    | 3 5 7 9 10 12 13 14 15 | 15.0

Action                   |  1- 3 |  4- 6 |  7- 9 | 10-12 | 13-15 | 16-18 | 19-21 | 22-24 | 25-27 || total
-------------------------+-------+-------+-------+-------+-------+-------+-------+-------+-------++-------
Melee: Flail             |   152 |   254 |       |       |       |       |       |       |       ||   406
       Mace              |       |    11 |   354 |  1079 |  3230 |  3600 |   448 |       |       ||  8722
       Demon whip        |       |       |       |       |       |       |  2601 |  2690 |  3788 ||  9079
 Fire: Blowgun           |       |       |       |       |       |     1 |       |       |       ||     1
Invok: Lesser Servant of |       |       |       |       |     4 |       |       |       |       ||     4
       Greater Servant o |       |       |       |       |       |     8 |     2 |     4 |       ||    14
 Abil: Heal Wounds       |     1 |     4 |     6 |     5 |     8 |    37 |    14 |    34 |       ||   109
Evoke: Wand              |       |     2 |     1 |    14 |     7 |    17 |     3 |    18 |    16 ||    78
       Fan of gales      |       |       |       |       |       |     1 |     2 |       |       ||     3
       Phial of floods   |       |       |       |       |       |       |       |     1 |       ||     1
       Box of beasts     |       |       |       |       |       |       |       |       |     2 ||     2
       Sack of spiders   |       |       |       |       |       |       |       |       |     2 ||     2
       Lamp of fire      |       |       |       |       |       |       |       |       |     1 ||     1
  Use: Potion            |       |     3 |       |     1 |       |     4 |     2 |     3 |    15 ||    28
       Scroll            |       |       |     9 |     9 |     5 |    13 |    19 |    26 |    21 ||   102
 Stab: Paralysed         |       |       |     4 |    23 |    20 |    13 |       |       |       ||    60
       Petrified         |       |       |       |       |    26 |       |       |       |       ||    26
       Petrifying        |       |       |       |       |     1 |       |       |       |       ||     1
       Distracted        |       |       |       |       |       |     2 |     1 |     4 |     4 ||    11
       Confused          |       |       |       |       |       |       |     1 |       |     8 ||     9
  Eat: Chunk             |     1 |     7 |     8 |    19 |    41 |    27 |    40 |    24 |    18 ||   185
       Ration            |       |     1 |       |       |     1 |     4 |       |     4 |    10 ||    20
Armor: Scale mail        |    71 |   126 |       |       |       |       |       |       |       ||   197
       Skin              |       |    10 |       |       |       |       |       |       |       ||    10
       Plate armour      |       |     4 |   195 |   490 |  1299 |  1287 |   915 |    53 |       ||  4243
       Gold dragon scale |       |       |       |       |       |       |       |   791 |   926 ||  1717
Dodge: Dodged            |    55 |    79 |    79 |   313 |  1232 |  1361 |  1405 |   952 |  1345 ||  6821
Block: Shield            |    82 |   116 |   219 |   593 |  1877 |  2189 |  1859 |  1726 |  2448 || 11109
       Reflection        |       |       |       |       |       |     4 |       |    20 |    56 ||    80

Vault maps used:
D:1:      minmay_arrival_loop
D:2:      kennysheep_minor_cross
D:3:      uniq_ijyb
D:4:      lemuel_coloured_pillars_altar, minmay_temple_entry_butterflies,
          first_ration
D:5:      kennysheep_windowed_halls, grunt_ministairs_1, uniq_pikel, uniq_edmund
D:6:      minmay_overflow_temple_hex, serial_shops, shop
D:7:      minmay_misc_feat_plants, uniq_joseph
D:8:      minmay_the_grid_triangle_9x9_recursive_2, minitemple
D:9:      david_lair_shrubbed, uniq_maurice
D:10:     uniq_erica, uniq_sonja
D:11:     david_orc_4, evilmike_butchery, uniq_gastronok, uniq_snorg
D:12:     gammafunk_ghost_nasty_kobolds, hangedman_ranch
D:13:     erik_vaults_1, uniq_kirke
D:14:     nicolae_gozag_seed_capital, minmay_misc_feat_enclosed,
          hangedman_cracks_in_the_wall
D:15:     gammafunk_enter_depths_forms, nicolae_trove_entry_free_sample,
          chequers_big_river, st_stairs_7, lemuel_mausoleum_altar_yredelemnul
Temple:   jpeg_temple_alley_garden
Lair:1:   grunt_megastairs_1, infiniplex_staircase_pool
Lair:2:   minmay_shoals_entry_hut, minmay_snake_entry_six_corridors,
          lab_entry_generic, enter_volcano_1, bh_autumn_forest_stairs,
          worms_lemuel, minmay_lair_oklob_chamber
Lair:3:   minivault_29, serial_bayou_shore_a, serial_bayou_shore_b,
          grunt_megastairs_4
Lair:4:   portal_ice_cave_rime, beast_lair_carwin_2
Lair:6:   hangedman_lair_in_review, minmay_slime_entry_pillars,
          lookout_lair_type, tgw_fedhas
Shoals:1: nicolae_shoals_drake_roost
Shoals:2: nicolae_shoals_circle_sea_wall, st_shoals_ruin
Shoals:3: nicolae_alphabet_shops
Shoals:4: shoals_end_grunt_ice
Snake:1:  st_stairs_5
Snake:2:  basic_altar, nicolae_snake_horde_hoard, uniq_saint_roka, uniq_vashnia,
          uniq_frances
Snake:3:  minmay_shoptagon
Snake:4:  grunt_snake_rune_pools, serial_bayou_pond_d
Slime:2:  basic_altar, uniq_dissolution
Slime:4:  basic_altar
Orc:1:    nicolae_orc_pool_cavern, uniq_fannar, uniq_josephine, uniq_erolcha
Orc:2:    pubby_orc_utopia, serial_shops
Elf:1:    eino_elf_arrival_shootout, minivault_28, grunt_ministairs_9,
          nicolae_elf_stone_circles, minivault_14
Elf:3:    minmay_elf_hall_curves, serial_shops, nicolae_shop_statue_plus,
          nicolae_elf_big_sculpture_2, uniq_donald
Vaults:1: v_misc_16, vaults_mumra_chevron, vaults_room_glass_cross, v_misc_14,
          ontoclasm_vaults_ring_small, v_pattern_4, vaults_dpeg_cross,
          vaults_room_pool, hangedman_vaults_snaps,
          nicolae_vaults_little_squares_1, ontoclasm_vaults_hangar
Vaults:2: nicolae_vaults_sealed_display,
          vaults_standard_mumra_enter_the_diamond, v_misc_25, vaults_dpeg_hooks,
          nicolae_vaults_little_squares_4
Vaults:3: v_rooms_1, hangedman_vaults_stretched_pinwheel,
          vaults_room_stairs_pillars, hangedman_vaults_stagger,
          minmay_crypt_entry_vampire_xt, v_alt_pattern_5, grunt_vaults_focal,
          v_misc_17, nicolae_vaults_windows_and_doors_thing, v_misc_13,
          ontoclasm_vaults_shout, nicolae_vaults_ring_of_whatevers,
          vaults_dpeg_spiral, ontoclasm_vaults_spin,
          ontoclasm_vaults_decontamination, uniq_asterion, uniq_boris
Vaults:4: vaults_room_semicircle, v_misc_17, vaults_standard_mumra_lines,
          v_misc_28, v_alt_pattern_4, v_pattern_1, hangedman_vaults_cutoff,
          vaults_room_pool, serial_shops, shop_statue
Vaults:5: serial_shops
Crypt:1:  grunt_megastairs_3, grunt_crypt_arrival_guarded_gate
Crypt:2:  uniq_sojobo, uniq_jory
Crypt:3:  church_of_pain_bobbens, nicolae_tomb_entry_unfolded_pyramid_diagonal,
          uniq_margery, uniq_xtahua, uniq_boris, uniq_frederick
Depths:1: lightli_too_deep, st_stairs_11, water_boxes_lemuel
Depths:2: kennysheep_green_arena, hell_entry, serial_column_ruins,
          column_ruins_hut_ruined, column_ruins_hut,
          column_ruins_columns_corner, column_ruins_open_small,
          column_ruins_columns_straight, column_ruins_grid_2,
          column_ruins_open_medium_water, column_ruins_grid_3,
          minmay_misc_feat_diagonals, infiniplex_staircase_zigzag_4, uniq_nikola
Depths:3: minmay_sliced_demisemicircle, hell_entry,
          serial_sigils_hangedman_clutch, pan_entry
Depths:4: evilmike_wizard_prison, enter_ziggurat_f,
          nicolae_abyss_entry_one_way_or_another, minmay_misc_feat_nine_boxes,
          hell_entry, serial_bayou_shore_b, infiniplex_staircase_zigzag_5
Depths:5: grunt_twist_and_shout, hell_entry, minmay_shop_grove
Zot:1:    st_stairs_4
Zot:2:    st_large_dragon_hoard_3, grunt_megastairs_2
Zot:4:    kennysheep_ambush_hall, basic_altar, st_stairs_12,
          basic_stair_grate_trap
IceCv:    ice_cave_caverns_03
